AoeStats
← Maikel´s

Black Forest

509984629Analyzed
3v3 RM · 4d ago on Sep 28, 2026· 16m 1s· 6 players
Game mode
Random Map
Map size
Normal (6 player)
Population
200
Speed
Normal
Resources
Standard
Victory
Conquest
Starting age
Dark Age
Ending age
Imperial Age
RankedLock teamsTeams togetherTeam positionsShared explorationLock speedFull tech treeHidden civsTurbo modeCheats
Victory
Defeat
🇦🇷 Ethiopians · Argentina
1295
+14
🇦🇷 Sicilians · Argentina
1207
+18
🇺🇸 Magyars · United States
1131
+20
🇦🇷 Slavs · Argentina
1421
-25
🇦🇷 Danes · Argentina
1212
-16
🇦🇷 Japanese · Argentina
1091
-11
JAGR | GastonWick
6:39 Loom
10:26 Feudal Age
11:49 Double-Bit Axe
14:06 Fletching
14:26 Padded Archer Armor
JAGR | PIPO GOROSITO
0:32 Loom
10:39 Feudal Age
JAGR | Mazzei10
6:14 Loom
9:01 Feudal Age
11:13 Double-Bit Axe
12:06 Horse Collar
13:50 Scale Barding Armor
15:02 Wheelbarrow
Maikel´s
0:40 Loom
14:20 Feudal Age
[LOPDA] Shebby
1:01 Loom
11:19 Feudal Age
jj
11:54 Feudal Age
16:12 Castle Age
13:57 Loom
14:08 Double-Bit Axe
15:55 Scale Barding Armor
Connection lost

Rejoining the realm…

Still unreachable

The connection could not be restored.

Session expired

The server has moved on; the page needs a fresh start.